Map: Disco Bloodbath LE

Players

Scarlett

  • Race: Zerg Zerg
  • Spawn Location: 9:00

Elazer - Winner!

  • Race: Zerg Zerg
  • Spawn Location: 3:00

VOD

Have the link to the VOD?

Description

Time

  • Played on: Sept. 6, 2019, 7:30 p.m.
  • Length: 11:12
Show
View Real Time Build Order
Export as new Build Order

Scarlett Zerg 

Build Orders: Hatch First 

Get SALT Encoding   

  12  0:00  Drone  
  13  0:12  Overlord  
  13  0:17  Drone  
  14  0:31  Drone x2  
  16  0:48  Hatchery  
  15  0:51  Drone  
  15  0:54  Drone  
  17  0:58  Drone  
  18  1:09  Extractor  
  17  1:13  Spawning Pool  
  17  1:16  Drone  
  17  1:20  Drone  
  18  1:28  Drone  
  19  1:39  Drone  
  20  1:50  Drone  
  21  2:00  Queen x2  
  21  2:01  Overlord, Drone  
  26  2:09  Metabolic Boost  
  26  2:11  Drone x2  
  28  2:22  Drone x2  
  30  2:34  Drone  
  30  2:35  Hatchery  
  30  2:37  Zergling x2  
  30  2:43  Queen  
  33  2:48  Overlord  
  33  2:54  Baneling Nest  
  33  2:55  Drone  
  33  2:57  Zergling x2  
  34  3:01  Drone  
  34  3:04  Drone  
  36  3:09  Drone x3  
  36  3:11  Drone  
  41  3:12  Drone  
  41  3:16  Drone  
  42  3:20  Overlord  
  42  3:26  Evolution Chamber  
  41  3:27  Zergling x2  
  41  3:31  Drone x2  
  44  3:38  Baneling x2  
  44  3:39  Drone x2  
  44  3:40  Drone x2  
  48  3:42  Zergling x2  
  48  3:43  Overlord  
  48  3:47  Extractor  
  48  3:52  Baneling  
  48  3:53  Zergling x8, Baneling  
  52  3:58  Zerg Melee Weapons Level 1  
  52  3:59  Extractor  
  52  4:01  Overlord  
  52  4:02  Drone  
  52  4:11  Drone  
  52  4:12  Drone x5  
  52  4:17  Drone  
  59  4:21  Drone x3  
  62  4:29  Drone x6  
  68  4:37  Lair  
  68  4:42  Overlord, Drone  
  68  4:43  Drone x2  
  71  4:47  Extractor  
  70  4:54  Drone x4  
  70  4:55  Overlord  
  70  4:56  Overlord  
  70  4:57  Extractor  
  70  4:58  Pneumatized Carapace, Extractor  
  72  5:00  Overlord  
  72  5:02  Drone x2  
  74  5:12  Drone x3  
  77  5:15  Drone x2  
  77  5:17  Overlord  
  77  5:18  Drone x2  
  77  5:19  Drone  
  82  5:31  Roach Warren  
  81  5:36  Overseer  
  81  5:37  Spire, Zergling x14  
  81  5:41  Hatchery  
  86  5:44  Overseer  
  85  6:02  Drone  
  85  6:03  Drone x2  
  88  6:18  Drone x2  
  90  6:20  Hatchery  
  90  6:21  Overlord x6  
  89  6:25  Extractor  
  89  6:28  Overlord x3  
  89  6:31  Extractor  
  84  6:32  Zerg Melee Weapons Level 2  
  83  6:44  Roach x6  
  94  6:49  Mutalisk x7  
  94  6:52  Mutalisk  
  94  6:53  Mutalisk  
  110  6:57  Mutalisk  
  110  6:58  Mutalisk x3  
  118  7:05  Zerg Flyer Weapons Level 1  
  111  7:14  Mutalisk  
  99  7:20  Mutalisk  
  99  7:22  Drone x9  
  97  7:26  Queen  
  91  7:35  Queen  
  92  7:38  Drone, Mutalisk  
  92  7:39  Mutalisk  
  92  7:43  Drone x5  
  102  7:49  Drone x4  
  102  7:50  Drone  
  107  7:55  Spore Crawler  
  106  7:58  Mutalisk  
  106  7:59  Mutalisk x2  
  112  8:06  Mutalisk x2  
  116  8:15  Mutalisk  
  116  8:16  Drone x7  
  126  8:20  Zergling x4  
  126  8:26  Queen, Mutalisk  
  129  8:29  Mutalisk x2  
  129  8:31  Zergling x2  
  136  8:37  Spore Crawler  
  136  8:39  Mutalisk x2  
  139  8:42  Zergling x2  
  139  8:43  Zergling x6  
  143  8:53  Hatchery  
  141  8:59  Zerg Flyer Armor Level 1  
  134  9:08  Hatchery  
  128  9:11  Mutalisk x4  
  136  9:18  Zergling x12  
  142  9:30  Mutalisk x4  
  150  9:33  Drone  
  150  9:35  Queen  
  150  9:37  Drone x2  
  155  9:42  Mutalisk  
  155  9:43  Mutalisk  
  155  9:45  Zergling x10  
  154  10:03  Mutalisk x3  
  122  10:07  Zergling x8  
  98  10:22  Drone x3  
  98  10:27  Zergling x16  
  84  10:38  Zergling x10  
  84  10:40  Zergling x2  
  89  10:45  Mutalisk x6  
  89  10:48  Zergling x2  
  89  10:49  Baneling x3  
  102  10:54  Zergling x4  
  102  10:55  Baneling x2  
Show
View Real Time Build Order
Export as new Build Order

Elazer Zerg - Winner!

Build Orders: Hatch First 

Get SALT Encoding   

  12  0:00  Drone  
  13  0:12  Overlord  
  13  0:16  Drone  
  14  0:30  Drone x2  
  16  0:46  Hatchery  
  15  0:50  Drone  
  15  0:54  Drone  
  17  0:57  Drone  
  18  1:08  Extractor  
  17  1:12  Spawning Pool  
  17  1:15  Drone  
  18  1:18  Drone  
  18  1:27  Drone  
  19  1:38  Drone  
  20  1:49  Drone  
  21  1:58  Drone, Queen x2  
  21  1:59  Overlord  
  26  2:09  Metabolic Boost  
  26  2:11  Drone  
  26  2:12  Zergling x2  
  28  2:22  Drone x2  
  30  2:31  Drone  
  30  2:34  Hatchery  
  30  2:38  Drone  
  30  2:41  Drone  
  30  2:43  Drone  
  33  2:46  Baneling Nest  
  32  2:53  Overlord  
  32  2:54  Drone  
  33  3:03  Drone  
  33  3:04  Drone  
  35  3:05  Overlord  
  35  3:07  Drone  
  35  3:11  Zergling x4  
  38  3:13  Drone x2  
  38  3:17  Queen  
  42  3:23  Drone x2  
  44  3:28  Zergling x4  
  46  3:37  Drone  
  46  3:40  Drone x5  
  52  3:42  Extractor  
  52  3:43  Overlord  
  52  3:44  Drone  
  52  3:49  Drone  
  52  3:51  Drone  
  52  3:52  Drone  
  55  3:58  Lair  
  55  4:02  Overlord  
  55  4:03  Drone x2, Extractor  
  55  4:07  Drone  
  55  4:09  Evolution Chamber  
  56  4:10  Drone x3  
  56  4:12  Drone  
  56  4:16  Roach Warren  
  59  4:18  Baneling  
  59  4:19  Drone x2  
  59  4:23  Baneling  
  61  4:26  Zergling x4  
  61  4:30  Overlord  
  62  4:33  Baneling  
  62  4:36  Overlord, Zerg Missile Weapons Level 1  
  62  4:37  Drone x3  
  65  4:40  Drone  
  66  4:45  Overlord  
  66  4:47  Extractor  
  66  4:48  Drone x6  
  71  4:54  Overlord  
  71  4:55  Drone  
  71  4:58  Glial Reconstitution  
  72  5:01  Spire  
  72  5:02  Extractor  
  72  5:05  Drone x2, Extractor  
  72  5:06  Drone x2  
  73  5:13  Overlord  
  73  5:14  Drone  
  74  5:20  Overlord  
  74  5:21  Drone x4  
  78  5:30  Roach x3  
  85  5:35  Drone  
  85  5:36  Roach x2  
  85  5:38  Roach  
  85  5:39  Roach  
  85  5:40  Hatchery  
  92  5:55  Roach x4  
  99  5:57  Overlord  
  99  6:05  Overlord  
  99  6:17  Drone  
  100  6:18  Mutalisk x3  
  100  6:19  Mutalisk x5  
  100  6:24  Mutalisk  
  118  6:26  Zergling x4  
  118  6:27  Zergling x4, Hatchery  
  118  6:32  Zerg Melee Weapons Level 1  
  121  6:34  Drone x4  
  121  6:38  Mutalisk  
  125  6:40  Overlord  
  125  6:45  Mutalisk  
  126  6:47  Overlord  
  126  6:53  Mutalisk  
  128  6:55  Drone x4  
  128  6:56  Extractor  
  128  6:59  Mutalisk  
  128  7:00  Extractor  
  132  7:12  Mutalisk x2  
  132  7:15  Zergling x14  
  136  7:22  Mutalisk  
  129  7:31  Mutalisk x3  
  129  7:34  Overlord  
  131  7:41  Queen x3  
  131  7:42  Queen  
  139  7:44  Spore Crawler  
  139  7:45  Mutalisk x2  
  139  7:47  Zergling x14  
  139  7:48  Hatchery  
  139  7:51  Zerg Flyer Armor Level 1  
  146  7:55  Spore Crawler  
  146  7:57  Overlord x2  
  143  8:02  Mutalisk  
  143  8:03  Mutalisk  
  143  8:04  Mutalisk  
  149  8:07  Zergling x6  
  149  8:11  Overlord x3  
  153  8:20  Hatchery  
  153  8:23  Overlord, Mutalisk x2  
  153  8:24  Mutalisk x2  
  160  8:28  Drone x4  
  160  8:32  Mutalisk  
  165  8:38  Mutalisk x2  
  167  8:47  Drone x5  
  171  8:48  Extractor  
  171  8:49  Mutalisk x2  
  171  8:52  Extractor  
  173  8:57  Mutalisk x2  
  173  9:02  Mutalisk  
  173  9:07  Mutalisk  
  158  9:13  Mutalisk  
  160  9:18  Mutalisk x2  
  160  9:22  Zergling x20  
  174  9:31  Mutalisk  
  174  9:35  Mutalisk  
  174  9:38  Zergling x10  
  183  9:41  Mutalisk  
  182  9:45  Zergling x10  
  182  9:46  Zergling x2  
  185  9:55  Mutalisk x2  
  185  9:56  Mutalisk  
  187  10:04  Mutalisk x3  
  162  10:07  Zergling x14  
  162  10:13  Mutalisk x2  
  145  10:21  Zergling x14  
  147  10:26  Zergling x2  
  147  10:27  Zergling x8  
  132  10:36  Mutalisk x4  
  135  10:48  Mutalisk x2  
  143  10:52  Zergling x12  
Tags
 
Add a new tag
Caveats
  • Supply blocks, unpowered buildings, or Contaminate may cause inaccurate times.
  • Supply counts are checked every 10 seconds.